Map: Divergencia EE

Players

panda - Winner!

  • Race: Protoss Protoss
  • League: Gold
  • Spawn Location: 11:00

Mish - Winner!

  • Race: Terran Terran
  • League: Silver
  • Spawn Location: 11:00

MrFercho

  • Race: Zerg Zerg
  • League: Gold
  • Spawn Location: 5:00

TATORREA

  • Race: Protoss Protoss
  • League: Gold
  • Spawn Location: 5:00

VOD

Have the link to the VOD?

Description

Time

  • Played on: Aug. 6, 2020, 8:21 p.m.
  • Length: 5:50
Show
View Real Time Build Order
Export as new Build Order

panda Protoss - Winner!

Build Orders:  

Get SALT Encoding   

  12  0:02  Probe (Chrono Boost)  
  13  0:16  Pylon  
  13  0:19  Probe  
  14  0:31  Probe  
  15  0:40  Gateway  
  15  0:43  Probe  
  15  0:49  Assimilator  
  16  0:55  Probe  
  17  1:14  Pylon  
  17  1:28  Cybernetics Core  
  17  1:30  Zealot  
  19  1:40  Gateway  
  19  1:49  Probe (Chrono Boost)  
  19  1:54  Gateway  
  19  1:59  Probe (Chrono Boost)  
  20  2:04  Probe (Chrono Boost)  
  21  2:10  Warp Gate (Chrono Boost)  
  21  2:15  Probe  
  22  2:30  Pylon  
  22  2:32  Zealot  
  24  2:50  Gateway  
  24  2:54  Pylon  
  24  2:55  Gateway  
  22  3:10  Zealot  
  24  3:18  Gateway  
  22  3:48  Zealot x3  
  22  3:49  Zealot  
  30  4:02  Stalker  
  30  4:09  Stalker, Sentry  
  34  4:13  Stalker  
  34  4:15  Zealot  
  32  4:31  Zealot  
  32  4:32  Zealot x2  
  32  4:33  Zealot  
  38  4:53  Zealot x3  
  38  4:54  Zealot  
  36  5:31  Stalker x3  
  36  5:32  Stalker  
Show
View Real Time Build Order
Export as new Build Order

Mish Terran - Winner!

Build Orders:  

Get SALT Encoding   

  12  0:16  Supply Depot  
  12  0:23  Refinery  
  12  1:09  Barracks  
  12  1:12  Barracks  
  12  1:27  SCV  
  13  1:39  SCV  
  14  1:51  SCV  
  15  1:57  Marine  
  15  1:58  Marine  
  17  2:03  SCV  
  18  2:15  Marine, SCV  
  19  2:16  Marine  
  19  2:33  Marine  
  19  2:34  Marine  
  21  2:51  Marine x2  
  23  3:08  Marine  
  23  3:09  Marine  
  19  3:26  Marine  
  20  3:27  Marine  
  19  3:44  Marine  
  19  3:45  Marine  
  19  4:02  Marine  
  20  4:03  Marine  
  21  4:20  Marine x2  
  21  4:38  Marine x2  
Show
View Real Time Build Order
Export as new Build Order

MrFercho Zerg 

Build Orders: Pool First 

Get SALT Encoding   

  12  0:00  Drone  
  13  0:13  Overlord  
  13  0:16  Drone  
  14  0:32  Drone x2  
  16  0:51  Spawning Pool  
  16  0:52  Drone x2  
  17  0:58  Overlord  
  17  0:59  Extractor  
  16  1:15  Drone  
  17  1:19  Drone  
  18  1:31  Drone  
  19  1:42  Zergling x2  
  20  1:48  Queen  
  22  1:59  Zergling x2, Hatchery  
  22  2:11  Zergling x2  
  22  2:13  Zergling x2  
  23  2:28  Zergling x2  
  24  2:36  Zergling x2  
  23  2:48  Zergling x2  
  23  2:50  Spine Crawler  
  22  3:00  Zergling x2  
  22  3:15  Zergling x2  
  22  3:17  Metabolic Boost  
  22  3:19  Lair  
  23  3:23  Zergling x2  
  23  3:29  Drone x2  
  23  3:30  Overlord  
  25  3:36  Roach Warren  
  24  3:58  Zergling x2  
  24  3:59  Zergling x14  
  28  4:16  Drone x2  
  27  4:36  Roach x2  
  27  4:37  Overlord, Roach x2  
  27  4:38  Overlord  
  35  4:49  Roach x5  
  40  4:57  Evolution Chamber  
  39  5:02  Queen  
  33  5:20  Roach x5  
Show
View Real Time Build Order
Export as new Build Order

TATORREA Protoss 

Build Orders:  

Get SALT Encoding   

  12  0:04  Probe  
  13  0:16  Probe  
  14  0:28  Pylon, Probe  
  15  0:46  Probe  
  16  0:55  Gateway  
  16  0:58  Probe  
  17  1:11  Probe  
  18  1:16  Assimilator  
  18  1:18  Pylon  
  18  1:21  Pylon  
  18  1:23  Probe  
  19  1:35  Probe (Chrono Boost)  
  19  1:36  Gateway  
  20  1:44  Probe (Chrono Boost)  
  21  1:52  Assimilator, Probe (Chrono Boost)  
  22  2:03  Probe (Chrono Boost)  
  22  2:04  Cybernetics Core  
  22  2:08  Probe (Chrono Boost)  
  24  2:17  Forge  
  19  3:23  Pylon  
  19  3:24  Stalker  
  19  3:30  Stalker  
  17  3:41  Probe  
  18  3:53  Probe  
  19  4:05  Probe  
  16  4:32  Probe (Chrono Boost)  
  17  4:43  Probe (Chrono Boost)  
  18  4:46  Gateway  
  18  4:47  Gateway  
  18  4:48  Probe (Chrono Boost)  
  19  4:59  Probe  
  20  5:08  Photon Cannon  
  20  5:11  Probe  
  21  5:20  Photon Cannon  
Tags
 
Add a new tag
Caveats
  • Supply blocks, unpowered buildings, or Contaminate may cause inaccurate times.
  • Supply counts are checked every 10 seconds.